 Dungeon Crawl Stone Soup version 0.27.1-2-g3b301248ec (webtiles) character file.

Game seed: 7599219592246738149

1981 vvl the Stinger (level 9, -4/59 HPs)
             Began as an Octopode Venom Mage on Sept 30, 2021.
             Slain by Pikel (18 damage)
             ... on level 6 of the Dungeon.
             The game lasted 00:27:48 (12613 turns).

vvl the Stinger (Octopode Venom Mage)              Turns: 12613, Time: 00:27:50

Health: -4/59      AC:  3    Str: 10    XL:     9   Next: 20%
Magic:  13/15      EV: 14    Int: 18    God:
Gold:   317        SH:  0    Dex: 12    Spells: 12/17 levels left

rFire    . . .     SeeInvis .   q - +2 spear (vorpal)
rCold    . . .     Faith    .   (no shield)
rNeg     . . .     Spirit   .   p - +2 hat {Stlth+}
rPois    .         Reflect  .   y - amulet of magic regeneration
rElec    .         Harm     .   (no ring)
rCorr    .         Rampage  .   (no ring)
Will     .....                  (no ring)
Stlth    +++++.....             (no ring)
HPRegen  0.19/turn              (no ring)
MPRegen  0.39/turn              (no ring)
                                (no ring)
                                (no ring)

@: no status effects
A: almost no armour, amphibious, 8 rings, camouflage 1, gelatinous body 1,
(nimble swimmer 1), tentacles
a: no special abilities


You were on level 6 of the Dungeon.
You visited 1 branch of the dungeon, and saw 6 of its levels.

You collected 363 gold pieces.
You spent 46 gold pieces at shops.

Inventory:

Hand Weapons
 m - a +2 dagger of holy wrath
 q - a +2 vorpal spear (weapon)
 s - a +2 spear of pain
 t - a +0 short sword of venom
 u - a +2 great mace of holy wrath
 w - a +2 dire flail of holy wrath
Missiles
 a - 2 throwing nets
Armour
 p - a +2 hat of stealth (worn)
Jewellery
 o - a ring of ice
 y - an amulet of magic regeneration (around mantle)
Wands
 f - a wand of digging (5)
Scrolls
 b - a scroll of teleportation {unknown}
 c - 3 scrolls of fog {unknown}
 e - a scroll of blinking {unknown}
 g - 3 scrolls of identify {unknown}
 i - a scroll of vulnerability {unknown}
 j - 4 scrolls of enchant weapon {unknown}
 r - 2 scrolls of immolation {unknown}
 z - a scroll of acquirement {unknown}
Potions
 d - a potion of brilliance
 h - a potion of flight {unknown}
 k - a potion of curing {unknown}
 l - a potion of berserk rage {unknown}
 n - a potion of lignification {unknown}
 v - a potion of ambrosia {unknown}
 x - a potion of heal wounds


   Skills:
 + Level 4.4 Fighting
 + Level 5.0 Dodging
 + Level 5.0 Stealth
 + Level 4.3 Unarmed Combat
 + Level 4.6 Spellcasting
 + Level 4.5 Transmutations
 + Level 6.5 Poison Magic


You had 12 spell levels left.
You knew the following spells:

 Your Spells              Type           Power      Damage    Failure   Level
a - Sting                 Tmut/Pois      96%        1d7       1%          1
b - Olgreb's Toxic Radia  Pois           27%        N/A       10%         4

Your spell library contained the following spells:

 Spells                   Type           Power      Damage    Failure   Level
 Poisonous Vapours        Pois/Air       32%        N/A       5%          2
 Mephitic Cloud           Conj/Pois/Air  12%        N/A       17%         3


Dungeon Overview and Level Annotations

Branches:
Dungeon (6/15)
 Temple: D:4-7

Altars:
Kikubaaqudgha
Vehumet
Wu Jian

Shops:
D:2 [*   D:5 (   D:6 !

Annotations:
D:5 2 transporters, azzazzello's ghost, novice GnWn
D:6 Pikel


Innate Abilities, Weirdness & Mutations

You cannot wear most types of armour.
You are amphibious.
You can wear up to eight rings at the same time.
Your skin changes colour to match your surroundings (Stealth+).
Your rubbery body absorbs attacks. (AC +1, EV +1)
((You are camouflaged near water. (Stealth+)))
You have tentacles for arms and can constrict up to eight enemies at once.


Message History

z - a scroll labelled VAZXAE ZIOTATH
Found 9 gold pieces.
You now have 317 gold pieces (gained 9).
Found Zadu's Distillery.
The adder hisses angrily.
The ogre shouts!
A lemure comes into view.
Pikel the Slaver comes into view.
He is wielding a +2 whip of electrocution.
Pikel shouts!
You hear a shout! x2
A lemure comes into view. x2
You can't see any susceptible monsters within range! (Use Z to cast anyway.)
A lemure comes into view.
The sting hits Pikel but does no damage.
Pikel is poisoned.
The lemure shouts! x2; You hear a shout!
The sting hits Pikel but does no damage.
Pikel looks even sicker.
The sting hits Pikel.
Pikel looks even sicker.
Pikel is lightly wounded.
Pikel barely misses you.
You hit Pikel. Your grab misses Pikel.
Pikel is moderately wounded.
Pikel hits you with a +2 whip of electrocution!
You closely miss Pikel. Your grab misses Pikel.
Pikel is moderately wounded.
Pikel closely misses you.
The sting hits Pikel.
Pikel looks as sick as possible!
Pikel is heavily wounded.
Pikel hits you with a +2 whip of electrocution!
The sting hits Pikel.
Pikel looks as sick as possible!
Pikel is heavily wounded.
Pikel closely misses you.
A gnoll comes into view. It is wielding a +0 spear of flaming.
You hit Pikel. Your grab misses Pikel.
Pikel is almost dead.
Pikel hits you with a +2 whip of electrocution!
You are electrocuted!
Pikel hits you with a +2 whip of electrocution!
* * * LOW HITPOINT WARNING * * *
You are electrocuted!!
You die...

.#.....# ###.#.##### #..
#...# #.#####.##### ##
#.......#...# ...
#.#####.#..##....
#...#...#..#.S...
...#######.#.###..#O..∩.
..g555K@...#......#S....
...5################....
. #... ###


You could see Pikel (extremely poisoned), 4 lemures and a gnoll.

Vanquished Creatures
  Edmund (D:5)
  An orc warrior (D:4)
  Purgy (D:3)
  2 ogres
  2 phantoms
  A gnoll sergeant (D:4)
  Blork the orc (D:5)
  3 scorpions (D:5)
  2 howler monkeys (D:4)
  2 bullfrog zombies (D:5)
  A bullfrog skeleton (D:6)
  A gnoll shaman (D:4)
  2 hounds (D:5)
  An orc priest (D:3)
  A centaur skeleton (D:4)
  2 iguanas (D:4)
  4 orc wizards
  A killer bee zombie (D:6)
  A hound skeleton (D:4)
  25 gnolls
  10 adders
  A shadow imp (D:5)
  2 white imps (D:6)
  6 worms
  2 dart slugs
  32 orcs
  10 ball pythons
  5 endoplasms
  5 giant cockroaches
  10 goblins
  7 hobgoblins
  19 jackals
  8 quokkas
  5 bats
  4 frilled lizards
  10 kobolds
  7 rats
198 creatures vanquished.

Vanquished Creatures (others)
  A hound (D:5)
  An orc wizard (D:3)
  A fungus (D:4)
  7 plants
10 creatures vanquished.

Grand Total: 208 creatures vanquished

Notes
Turn   | Place    | Note
-------+----------+-------------------------------------------
     0 | D:1      | vvl the Octopode Venom Mage began the quest for the Orb.
     0 | D:1      | Reached XP level 1. HP: 11/11 MP: 3/3
   480 | D:1      | Reached XP level 2. HP: 18/18 MP: 1/5
   895 | D:1      | Reached XP level 3. HP: 20/22 MP: 4/6
  1535 | D:2      | Reached skill level 1 in Fighting
  1535 | D:2      | Reached skill level 1 in Unarmed Combat
  1993 | D:2      | Reached skill level 4 in Poison Magic
  2018 | D:2      | Found a faded altar of an unknown god.
  2024 | D:2      | Reached XP level 4. HP: 28/28 MP: 4/7
  3293 | D:2      | Reached XP level 5. HP: 16/33 MP: 5/8
  3457 | D:2      | Found Xiddefi's Antique Armour Emporium.
  3458 | D:2      | Found Muenehip's Assorted Antiques.
  3487 | D:2      | Bought a scroll labelled ZAFFYENLOY for 16 gold pieces
  3487 | D:2      | Bought an emerald potion for 14 gold pieces
  3487 | D:2      | Bought a scroll labelled ZIHYCHABEV for 16 gold pieces
  3846 | D:2      | Found Zesy's Weapon Boutique.
  3882 | D:2      | Found a radiant altar of Vehumet.
  4293 | D:3      | Found an ancient bone altar of Kikubaaqudgha.
  4771 | D:3      | HP: 1/34 [orc wizard/magic dart (11)]
  4773 | D:3      | Reached XP level 6. HP: 1/39 MP: 4/10
  5106 | D:3      | Noticed Purgy
  5138 | D:3      | Killed Purgy
  5925 | D:3      | Found an ornate altar of the Wu Jian Council.
  6342 | D:4      | Reached skill level 5 in Poison Magic
  6342 | D:4      | Reached XP level 7. HP: 7/45 MP: 11/11
  7921 | D:3      | Learned a level 4 spell: Olgreb's Toxic Radiance
  8778 | D:4      | Reached XP level 8. HP: 52/52 MP: 13/13
 10727 | D:4      | Reached skill level 6 in Poison Magic
 10975 | D:5      | Entered Level 5 of the Dungeon
 11079 | D:5      | Noticed Edmund
 11096 | D:5      | Killed Edmund
 11445 | D:5      | Found a transporter.
 11452 | D:5      | Noticed azzazzello's ghost (novice GnWn)
 11455 | D:5      | Found a transporter.
 11512 | D:5      | Reached XP level 9. HP: 51/58 MP: 11/15
 11840 | D:5      | Found a radiant altar of Vehumet.
 11846 | D:5      | Found Joimnuiz's Antique Weapon Emporium.
 12004 | D:5      | Noticed Blork the orc
 12014 | D:5      | Killed Blork the orc
 12015 | D:5      | Reached skill level 5 in Dodging
 12466 | D:6      | Reached skill level 5 in Stealth
 12581 | D:6      | Found Zadu's Distillery.
 12603 | D:6      | Noticed Pikel
 12613 | D:6      | Slain by Pikel

Illustrated notes

Levels and vault maps discovered:
D:1:      psy_arrival_statuary, layout_loops_ring, kennysheep_another_room,
          chequers_serial_rivers_small_a
D:2:      layout_basic, serial_shops, shop, shop, shop_fountains, basic_altar,
          chequers_ecumenical_altar_island, hangedman_feature_mirror
D:3:      layout_loops_ring, pf_just_have_faith, marbit_many_paths,
          lexackson_kobold_supper, uniq_purgy
D:4:      lemuel_castle_with_subvaults [lemuel_castle_interior_carwin_1],
          layout_basic, portal_sewer_entry_f
D:5:      layout_cave_pods, fiery_altar_vehumet, serial_shops,
          nicolae_shop_stone, gammafunk_ghost_arena, kennysheep_doodads,
          minmay_misc_feat_four_crosses, uniq_blork_the_orc, uniq_edmund
D:6:      layout_basic, okawaru_metal_pillars_3, minmay_misc_feat_ornament,
          kennysheep_windowed_goal, uniq_pikel

Skill      XL: |  1  2  3  4  5  6  7  8  9 |
---------------+----------------------------+-----
Fighting       | 1 2 3 4 |  4.4
Unarmed Combat | 1 2 3 4 |  4.3
Poison Magic   | 4 5 6 |  6.5
Transmutations | 2 3 4 |  4.5
Dodging        | 3 4 5 |  5.0
Spellcasting   | 3 4 |  4.6
Stealth        | 4 5 |  5.0

Action                   |  1- 3 |  4- 6 |  7- 9 || total
-------------------------+-------+-------+-------++-------
Melee: Unarmed           |    44 |     6 |       ||    50
       Constrict         |    11 |    18 |    30 ||    59
       Tentacles         |     8 |    10 |    24 ||    42
       Spear             |       |    87 |   188 ||   275
       Dagger            |       |     9 |       ||     9
       Punch             |       |       |     1 ||     1
 Cast: Sting             |    41 |    88 |   203 ||   332
       Olgreb's Toxic Ra |       |       |     2 ||     2
  Use: Potion            |       |     3 |       ||     3
 Stab: Sleeping          |       |     6 |     2 ||     8
       Distracted        |       |       |     1 ||     1
Armor: Skin              |     6 |     7 |    30 ||    43
Dodge: Dodged            |    46 |    90 |   174 ||   310
